 Dungeon Crawl Stone Soup version 0.28.0-43-g3370ac3207 (webtiles) character file.

Game seed: 13991670895121860171

3252 Revguard the Sneak (level 9, -7/65 HPs)
             Began as a Demonspawn Ice Elementalist on Mar 23, 2022.
             Was a Believer of Vehumet.
             Mangled by an orc warrior
             ... wielding a +0 halberd
              (31 damage)
             ... in a bailey.
             The game lasted 00:40:09 (8605 turns).

Revguard the Sneak (Demonspawn Ice Elementalist)    Turns: 8605, Time: 00:40:09

Health: -7/65      AC: 14    Str:  9    XL:     9   Next: 67%
Magic:  3/16       EV: 17    Int: 20    God:    Vehumet [**....]
Gold:   546        SH:  0    Dex: 16    Spells: 0/18 levels left

rFire   x . .      SeeInvis +   e - +0 rapier (flame)
rCold   . . .      Faith    .   (no shield)
rNeg    . . .      Spirit   .   a - +1 leather armour of Cejofal {rF- rCorr Int+4 SInv}
rPois   .          Reflect  .   b - +0 helmet
rElec   .          Harm     .   y - +0 cloak
rCorr   +          Rampage  .   s - +0 pair of gloves
Will    .....                   B - +0 pair of boots
Stlth   +++.......              (no amulet)
HPRegen 0.20/turn               j - ring of wizardry
MPRegen 0.30/turn               l - +4 ring of evasion

@: ice-armoured, about to teleport, freezing walls
A: claws 1, powered by death 1, magic regeneration, sharp scales 1, clumsy 1,
subdued magic 1
a: Renounce Religion


You were in a bailey.
You worshipped Vehumet.
Vehumet was pleased with you.
You visited 1 branch of the dungeon, and saw 8 of its levels.
You also visited: Bailey.

You collected 546 gold pieces.

Inventory:

Hand Weapons
 e - a +0 rapier of flaming (weapon)
Missiles
 v - 2 throwing nets
Armour
 a - the +1 leather armour of Cejofal (worn) {rF- rCorr Int+4 SInv}
   (You found it on level 7 of the Dungeon)

   Int:       It affects your intelligence (+4).
   rF:        It makes you vulnerable to fire.
   SInv:      It lets you see invisible.
   rCorr:     It protects you from acid and corrosion.
 b - a +0 helmet (worn)
 s - a +0 pair of gloves (worn)
 u - a +0 robe of cold resistance
 y - a +0 cloak (worn)
 B - a +0 pair of boots (worn)
Jewellery
 c - a ring of poison resistance
 f - a +6 ring of strength
 j - a ring of wizardry (left hand)
 l - a +4 ring of evasion (right hand)
 o - a +6 ring of dexterity
 p - a ring of willpower
 x - a ring of ice
 F - a ring of protection from fire
Wands
 r - a wand of flame (16)
 t - a wand of polymorph (12)
 D - a wand of digging (3)
Scrolls
 h - 3 scrolls of noise
 k - 3 scrolls of fog
 n - a scroll of teleportation
 A - a scroll of enchant armour
 E - a scroll of identify
Potions
 d - 5 potions of might
 g - a potion of berserk rage
 i - a potion of attraction
 m - a potion of resistance
 q - 2 potions of curing
 w - 3 potions of heal wounds
 z - 2 potions of haste
 C - a potion of flight
 G - a potion of magic
 H - a potion of cancellation


   Skills:
 + Level 4.3 Fighting
 + Level 3.8 Short Blades
 + Level 3.1 Armour
 + Level 4.3 Dodging
 * Level 6.4 Stealth
 + Level 5.1 Spellcasting
 + Level 3.4 Conjurations
 + Level 5.5 Ice Magic
 + Level 2.9 Air Magic


You couldn't memorise any spells.
You knew the following spells:

 Your Spells              Type           Power      Damage    Failure   Level
a - Freeze                Ice            80%        1d9       1%          1
b - Frozen Ramparts       Ice            40%        1d6       1%          3
c - Ozocubu's Armour      Ice            20%        N/A       1%          3
d - Hailstorm             Conj/Ice       17%        3d6       9%          4
e - Static Discharge      Conj/Air       13%        N/A       1%          2
f - Lightning Bolt        Conj/Air       6%         1d18      38%         5

Your spell library contained the following spells:

 Spells                   Type           Power      Damage    Failure   Level
 Searing Ray              Conj           28%        2d5       1%          2
 Conjure Flame            Conj/Fire      9%         6-21      8%          3
 Gell's Gravitas          Tloc           3%         N/A       16%         3
 Ignite Poison            Fire/Tmut/Pois 3%         N/A       16%         3
 Teleport Other           Tloc           3%         N/A       16%         3
 Sticky Flame             Conj/Fire      9%         2d3       26%         4
 Dispersal                Tloc           1%         N/A       100%        6
 Maxwell's Capacitive Co  Air            6%         ∞         100%        8


Dungeon Overview and Level Annotations

Branches:
Dungeon (8/15)             Temple (0/1) D:6            Lair (0/6) D:8
 Bailey (1/1)

Altars:
Elyvilon
Makhleb
Qazlal
Sif Muna
Vehumet
Xom
Zin


Innate Abilities, Weirdness & Mutations

You have sharp fingernails.
You regenerate a little health from kills.
You regenerate magic rapidly.
You are partially covered in razor-sharp scales. (AC +1, Slay +1)
You are clumsy. (Dex -2)
Your spells are a little easier to cast, but a little less powerful.


Message History

The orc knight is moderately wounded.
The hail pelts the orc knight but does no damage.
The orc knight barely misses you. The orc barely misses you.
The orc hits you but does no damage.
Your frozen ramparts will break if you move.
Continue?
The frozen ramparts melt away as you move.
The orc closely misses you.
Casting: Hailstorm (dangerous; 9% risk of failure)
Confirm with . or Enter, or press ? or * to list all spells.
Casting: Frozen Ramparts (safe; 1% risk of failure)
Press: ? - help, Dir - look around, f - activate The walls around you are covered in ice.
The wall freezes the orc knight.
The orc knight hits you from afar with a +0 halberd!!
The orc barely misses you.
You feel much better.
The wall freezes the orc knight.
The orc knight barely misses you. The orc misses you.
Casting: Frozen Ramparts (safe; 1% risk of failure)
Confirm with . or Enter, or press ? or * to list all spells.
A film of ice covers your body!
The wall freezes the orc knight.
The orc knight barely misses you.
The wall freezes the orc knight.
The orc knight hits you from afar with a +0 halberd!
The orc misses you.
The orc warrior hits you from afar with a +0 halberd!
You feel much better.
The wall freezes the orc knight. x2
The orc knight hits you from afar with a +0 halberd!!
Ouch! That really hurt!
The orc barely misses you. The orc warrior barely misses you.
You hear a shout!
As you read the scroll of teleportation, it crumbles to dust.
You feel strangely unstable.
You hear a shout!
The orc knight no longer looks unusually strong. x2
The wall freezes the orc knight.
The orc knight hits you with a +0 halberd.
An orc warrior comes into view. It is wielding a +0 spear.
The wall freezes the orc knight.
The orc knight closely misses you. The orc barely misses you.
The wall freezes the orc.
The orc barely misses you.
The orc warrior hits you from afar with a +0 halberd!!
You die...

###### #######
#.....#########.....##
....)..#.....#.....).####
....#..'.....'...##))#...
......oo.....'....8.)'...
.o..#oooo....'...##))#...
......)#@....#.....).####
#....)#########.....##
###### #######


You could see 2 orc knights, 2 orc warriors and 2 orcs.

Vanquished Creatures
  Prince Ribbit (D:6)
  2 water moccasins
  Duvessa (D:6)
  3 orc warriors (Bailey)
  A sky beast (D:5)
  2 black bears
  4 ogres
  3 centaurs
  A kobold brigand (D:7)
  A bullfrog (D:7)
  5 scorpions
  Dowan (D:6)
  2 water moccasin skeletons (D:6)
  A centaur zombie (D:6)
  A bullfrog zombie (D:5)
  2 hounds (D:4)
  Crazy Yiuf (D:6)
  3 orc priests
  2 jellies
  2 bullfrog skeletons
  A centaur skeleton (D:7)
  Terence (D:2)
  3 iguanas
  9 orc wizards
  A hound zombie (D:5)
  3 hound skeletons
  Robin (D:2)
  6 gnolls
  A howler monkey skeleton (D:4)
  5 adders
  An ufetubus (D:4)
  2 dart slugs
  33 orcs
  7 ball pythons
  4 endoplasms
  5 giant cockroaches
  21 goblins
  9 hobgoblins
  3 jackals
  9 kobolds
  4 quokkas (D:2)
  3 bats
  5 frilled lizards
  A quokka skeleton (D:4)
  7 rats
184 creatures vanquished.

Vanquished Creatures (others)
  81 plants
81 creatures vanquished.

Grand Total: 265 creatures vanquished

Notes
Turn   | Place    | Note
-------+----------+-------------------------------------------
     0 | D:1      | Revguard the Demonspawn Ice Elementalist began the quest
                  | for the Orb.
     0 | D:1      | Reached XP level 1. HP: 13/13 MP: 3/3
   128 | D:1      | Reached skill level 2 in Stealth
   232 | D:1      | Found a faded altar of an unknown god.
   440 | D:1      | Gained mutation: You are partially covered in razor-sharp
                  | scales. (AC +1, Slay +1) [demonic ancestry]
   440 | D:1      | Reached XP level 2. HP: 19/19 MP: 5/5
  1165 | D:2      | Reached XP level 3. HP: 8/25 MP: 0/6
  1512 | D:2      | Learned a level 3 spell: Frozen Ramparts
  1516 | D:2      | Learned a level 3 spell: Ozocubu's Armour
  1634 | D:2      | Noticed Robin
  1759 | D:2      | Found a shimmering altar of Xom.
  1771 | D:2      | Killed Robin
  1781 | D:2      | Reached skill level 1 in Fighting
  1781 | D:2      | Reached XP level 4. HP: 21/32 MP: 2/7
  1783 | D:2      | Noticed Terence
  2189 | D:2      | Killed Terence
  2283 | D:2      | You fall into a shaft and drop 2 floors!
  2283 | D:4      | Found a stormy altar of Qazlal.
  2286 | D:4      | Noticed a black bear
  2294 | D:4      | Killed a black bear
  2295 | D:4      | Reached skill level 1 in Short Blades
  2295 | D:4      | Reached skill level 3 in Stealth
  2295 | D:4      | Gained mutation: You regenerate magic rapidly. [demonic
                  | ancestry]
  2295 | D:4      | Reached XP level 5. HP: 24/37 MP: 0/9
  2801 | D:4      | Noticed an ogre
  2808 | D:4      | Killed an ogre
  2809 | D:4      | Reached XP level 6. HP: 44/44 MP: 0/11
  2957 | D:4      | Learned a level 4 spell: Hailstorm
  3197 | D:4      | Found a large runed translucent door.
  3197 | D:4      | Found a large runed translucent door.
  3319 | D:4      | Gained mutation: You regenerate a little health from kills.
                  | [demonic ancestry]
  3319 | D:4      | Reached XP level 7. HP: 45/50 MP: 12/12
  3505 | D:4      | Reached skill level 4 in Stealth
  3920 | D:4      | Found a burning altar of Makhleb.
  4121 | D:3      | Learned a level 2 spell: Static Discharge
  4890 | D:2      | Found a radiant altar of Vehumet.
  5050 | D:2      | Became a worshipper of Vehumet
  5100 | D:5      | Entered Level 5 of the Dungeon
  5137 | D:5      | Reached skill level 1 in Conjurations
  5241 | D:5      | Reached skill level 1 in Armour
  5269 | D:5      | Reached skill level 1 in Air Magic
  5364 | D:5      | Gained mutation: You have sharp fingernails. [demonic
                  | ancestry]
  5364 | D:5      | Reached XP level 8. HP: 47/57 MP: 14/14
  5953 | D:5      | Reached skill level 5 in Stealth
  6666 | D:5      | Reached * piety under Vehumet
  6666 | D:5      | Offered knowledge of Shock by Vehumet.
  6682 | D:5      | Gained mutation: You tend to lose your temper in combat.
                  | [potion of mutation]
  6682 | D:5      | Gained mutation: You have a pair of small horns on your
                  | head. [potion of mutation]
  6682 | D:5      | Gained mutation: You are robust. (+10% HP) [potion of
                  | mutation]
  6683 | D:5      | Lost mutation: You are robust. (+10% HP) [potion of
                  | mutation]
  6683 | D:5      | Lost mutation: You have a pair of small horns on your head.
                  | [potion of mutation]
  6683 | D:5      | Gained mutation: You have sharp toenails. [potion of
                  | mutation]
  6763 | D:6      | Reached skill level 5 in Ice Magic
  6899 | D:6      | Noticed Duvessa
  6899 | D:6      | Noticed Dowan
  6908 | D:6      | Killed Duvessa
  6920 | D:6      | Killed Dowan
  7070 | D:6      | Found a staircase to the Ecumenical Temple.
  7165 | D:6      | Reached XP level 9. HP: 64/64 MP: 12/16
  7212 | D:6      | Noticed Prince Ribbit
  7221 | D:6      | Killed Prince Ribbit
  7246 | D:6      | Identified the +3 robe of Baldness {*Slow rPois Str-4
                  | Slay+5}
  7494 | D:6      | Found a runed translucent door.
  7495 | D:6      | Noticed Crazy Yiuf
  7506 | D:6      | Killed Crazy Yiuf
  7887 | D:7      | Identified the +1 leather armour of Cejofal {rF- rCorr
                  | Int+4 SInv}
  7910 | D:7      | Reached skill level 6 in Stealth
  7990 | D:7      | Lost mutation: You have sharp toenails. [potion of
                  | mutation]
  7990 | D:7      | Lost mutation: You tend to lose your temper in combat.
                  | [potion of mutation]
  7990 | D:7      | Gained mutation: Your spells are a little easier to cast,
                  | but a little less powerful. [potion of mutation]
  7990 | D:7      | Gained mutation: You are clumsy. (Dex -2) [potion of
                  | mutation]
  8000 | D:7      | Reached ** piety under Vehumet
  8001 | D:7      | Reached skill level 5 in Spellcasting
  8007 | D:7      | Learned a level 5 spell: Lightning Bolt
  8095 | D:7      | Offered knowledge of Poisonous Vapours by Vehumet.
  8300 | D:7      | Found a shimmering blue altar of Sif Muna.
  8441 | D:8      | Found a flagged portal.
  8451 | Bailey   | Entered a bailey
  8506 | Bailey   | Offered knowledge of Searing Ray by Vehumet.
  8591 | Bailey   | Noticed an orc knight
  8591 | Bailey   | Noticed an orc knight
  8605 | Bailey   | Mangled by an orc warrior

Illustrated notes

Levels and vault maps discovered:
D:1:      lightli_arrival_windingriver, layout_basic,
          shapermc_ecumenical_altar_venn, minmay_tetromino_t2
D:2:      wad_woods_stonehenge, layout_loops_ring, basic_altar,
          minmay_crystal_water, uniq_robin, uniq_terence
D:3:      layout_rooms, minmay_between
D:4:      layout_loops_ring, mainiacjoe_overflow_swirl, jmf_multi_god_temple2,
          serial_bayou_pond_e
D:5:      minmay_inner_zag, layout_loops_ring,
          amcnicky_mini_rare_corridor_liquid
D:6:      layout_loops_ring, minmay_temple_entry_purple_smoke,
          kennysheep_generic_room_15, uniq_crazy_yiuf_cottage,
          uniq_prince_ribbit1, uniq_duvessa
D:7:      layout_basic, led_sif_pool
D:8:      kennysheep_six_static_rooms, layout_cave_pods, lair_entry_dummy,
          enter_bailey_3, ebering_ghost_funeral_grove, mrwooster_statue_mirror
Bailey:   bailey_polearm_5, bailey

Skill      XL: |  1  2  3  4  5  6  7  8  9 |
---------------+----------------------------+-----
Stealth        | 2 3 4 5 6 |  6.4
Dodging        | 2 3 4 |  4.3
Fighting       | 1 2 3 4 |  4.3
Ice Magic      | 4 5 |  5.5
Short Blades   | 1 2 3 |  3.8
Spellcasting   | 3 4 5 |  5.1
Conjurations   | 1 2 3 |  3.4
Armour         | 1 2 3 |  3.1
Air Magic      | 1 2 |  2.9

Action                   |  1- 3 |  4- 6 |  7- 9 || total
-------------------------+-------+-------+-------++-------
Melee: Unarmed           |     9 |       |       ||     9
       Rapier            |    54 |    56 |   223 ||   333
       Punch             |       |       |     3 ||     3
 Cast: Freeze            |    29 |    15 |    19 ||    63
       Frozen Ramparts   |     1 |     8 |    34 ||    43
       Ozocubu's Armour  |       |     5 |    16 ||    21
       Hailstorm         |       |       |    12 ||    12
       Static Discharge  |       |       |     6 ||     6
  Use: Scroll            |     3 |       |    12 ||    15
       Potion            |     1 |       |    12 ||    13
 Stab: Sleeping          |     3 |     7 |    14 ||    24
Armor: Robe              |    24 |    12 |    58 ||    94
       Leather armour    |       |       |    12 ||    12
Dodge: Dodged            |    53 |    70 |   283 ||   406
